 Dungeon Crawl Stone Soup version 0.23-a0-582-g1b4a0ca (webtiles) character file.

90 MisterFreud the Caller (level 4, 0/32 HPs)
             Began as a Gnoll Summoner on Dec 16, 2018.
             Killed from afar by an orc wizard (6 damage)
             ... with a magic dart
             ... on level 3 of the Dungeon.
             The game lasted 00:05:43 (2705 turns).

MisterFreud the Caller (Gnoll Summoner)             Turns: 2705, Time: 00:05:43

Health: 0/32       AC:  2    Str: 10    XL:     4   Next: 56%
Magic:  9/11       EV: 15    Int: 18    God:
Gold:   138        SH:  0    Dex: 16    Spells: 10/13 levels left

rFire    . . .     SeeInvis .   a - +0 short sword (drain)
rCold    . . .     Gourm    .   (no shield)
rNeg     . . .     Faith    .   e - +0 robe
rPois    .         Spirit   .   (no helmet)
rElec    .         Reflect  .   g - scarf {repulsion}
rCorr    .         Harm     .   (no gloves)
MR       .....                  (no boots)
Stlth    +++.......             (no amulet)
HPRegen  0.10/turn              (no ring)
MPRegen  0.12/turn              (no ring)

@: repel missiles
A: distributed training, fangs 1, strong nose
a: no special abilities


You were on level 3 of the Dungeon.
You were not hungry.

You visited 1 branch of the dungeon, and saw 3 of its levels.

You collected 138 gold pieces.

Inventory:

Hand Weapons
 a - a +0 short sword of draining (weapon)
Missiles
 f - 98 arrows
 i - 15 stones (quivered)
 l - 61 sling bullets
 s - 23 bolts
 x - a tomahawk
Armour
 e - a +0 robe (worn)
 g - a scarf of repulsion (worn)
Jewellery
 j - an uncursed ring of ice
 k - an uncursed ring of ice
Wands
 u - a wand of iceblast (3)
Scrolls
 b - 2 scrolls of identify {unknown}
 d - 4 scrolls of remove curse {unknown}
 m - a scroll of magic mapping {unknown}
 p - a scroll of enchant weapon {unknown}
 r - a scroll of teleportation {unknown}
 v - a scroll of immolation {unknown}
Potions
 h - 2 potions of agility {unknown}
 n - a potion of degeneration {unknown}
 o - a potion of flight {unknown}
 q - 2 potions of haste {unknown}
 t - a potion of curing {unknown}
Comestibles
 c - 6 rations
 w - 4 chunks of flesh


   Skills:
 + Level 1.1 Fighting
 + Level 1.1 Short Blades
 + Level 1.1 Long Blades
 + Level 1.1 Axes
 + Level 1.1 Maces & Flails
 + Level 1.1 Polearms
 + Level 1.1 Staves
 + Level 1.1 Slings
 + Level 1.1 Bows
 + Level 1.1 Crossbows
 + Level 1.1 Throwing
 + Level 1.1 Armour
 + Level 4.6 Dodging
 + Level 4.2 Stealth
 + Level 1.1 Shields
 + Level 1.1 Unarmed Combat
 + Level 5.1 Spellcasting
 + Level 0.9 Conjurations
 + Level 0.9 Hexes
 + Level 0.9 Charms
 + Level 7.1 Summonings
 + Level 0.9 Necromancy
 + Level 0.9 Translocations
 + Level 0.9 Transmutations
 + Level 0.9 Fire Magic
 + Level 0.9 Ice Magic
 + Level 0.9 Air Magic
 + Level 0.9 Earth Magic
 + Level 0.9 Poison Magic
 + Level 1.2 Invocations
 + Level 1.1 Evocations


You had 10 spell levels left.
You knew the following spells:

 Your Spells              Type           Power        Failure   Level  Hunger
a - Summon Small Mammal   Summ           ####         1%          1    None
b - Call Imp              Summ           ####....     1%          2    #......

Your spell library contained the following spells:

 Spells                   Type           Power        Failure   Level  Hunger
 Call Canine Familiar     Summ           ####....     1%          3    ##.....
 Summon Guardian Golem    Hex/Summ       ###.....     8%          3    ##.....
 Confusing Touch          Hex            #.....       9%          1    None
 Confuse                  Hex            #.......     26%         3    ##.....
 Gell's Gravitas          Tloc           #.........   26%         3    ##.....
 Summon Ice Beast         Ice/Summ       ###.....     26%         4    ####...
 Summon Lightning Spire   Summ/Air       ###.....     26%         4    ####...
 Petrify                  Tmut/Erth      #.......     65%         4    ####...
 Metabolic Englaciation   Hex/Ice        #.........   94%         5    ######.
 Yara's Violent Unravell  Hex/Tmut       #.........   94%         5    ######.


Dungeon Overview and Level Annotations

Branches:
Dungeon (3/15)

Altars:
Fedhas
The Shining One


Innate Abilities, Weirdness & Mutations

Your experience applies equally to all skills.
You have very sharp teeth.
Your uncanny sense of smell can sniff out nearby items.


Message History

Unknown command.
Unknown command.
Casting: Call Imp (safe; 1% risk of failure)
Confirm with . or Enter, or press ? or * to list all spells.
A beastly little devil appears in a puff of flame.
The orc wizard casts a spell.
The orc wizard blinks!
Found 3 scrolls labeled GANGEDW LUSUM.
The orc wizard gestures at you while chanting.
The magic dart hits you!
You see here a smoky silvery potion.
The orc wizard casts a spell.
The orc wizard blinks!
The orc wizard casts a spell at you. The magic dart hits you!
* * * LOW HITPOINT WARNING * * *
There is a stone staircase leading up here.
The orc wizard casts a spell at you. The magic dart hits you!
You die...

..##.#
#..#.≈≈.≈≈##.#.....#####
.##...
##.≈≈≈≈≈≈≈.............
.#....
##≈≈≈≈#≈≈≈≈#≈#.....#.###
......
#≈≈≈≈≈..⌠≈≈≈≈≈.....#.# #
.###.#.
.≈≈≈#.≈..≈≈≈#≈.##.##.###
##
≈≈≈##≈≈.≈≈≈≈≈≈≈##.##....
.≈≈o≈§5≈#.≈≈≈≈≈≈≈≈#.######
.≈≈≈≈≈≈≈.!.≈≈≈≈#≈≈..######
..≈≈≈≈≈≈.@.≈≈≈≈≈≈..))....)
#≈≈#≈≈≈≈..⌠≈≈≈≈≈≈≈########
#≈≈≈≈#≈≈≈.≈≈≈≈≈≈≈≈#
##≈≈≈≈≈≈.[≈≈≈≈≈≈≈##
#.#≈≈≈#...≈≈≈≈≈.#
#≈≈≈≈≈.?≈≈≈≈≈≈#
##≈≈≈≈≈≈≈≈≈##..
##.≈≈≈≈≈#≈. .#


You could see an orc wizard and a friendly crimson imp.

Vanquished Creatures
  An adder (D:3)
  A worm (D:2)
  7 dart slugs (D:3)
  3 leopard geckos
  3 orcs (D:3)
  4 bats
  5 giant cockroaches
  5 goblins
  7 hobgoblins
  A ball python (D:2)
  3 frilled lizards (D:1)
  2 kobolds
  8 rats
50 creatures vanquished.

Vanquished Creatures (collateral kills)
  A dart slug (D:3)
  A giant cockroach (D:2)
  4 goblins
  2 hobgoblins (D:1)
  A ball python (D:1)
  2 rats (D:1)
11 creatures vanquished.

Grand Total: 61 creatures vanquished

Notes
Turn   | Place    | Note
-------+----------+-------------------------------------------
     0 | D:1      | MisterFreud the Gnoll Summoner began the quest for the Orb.
     0 | D:1      | Reached XP level 1. HP: 13/13 MP: 6/6
   247 | D:1      | Reached XP level 2. HP: 8/19 MP: 5/7
   830 | D:1      | Learned a level 2 spell: Call Imp
  1178 | D:2      | Reached XP level 3. HP: 25/25 MP: 9/9
  1202 | D:2      | Reached skill level 5 in Spellcasting
  1647 | D:2      | Reached skill level 1 in Invocations
  2027 | D:2      | Found a blossoming altar of Fedhas.
  2277 | D:3      | Found a glowing golden altar of the Shining One.
  2285 | D:3      | Reached skill level 1 in Fighting
  2285 | D:3      | Reached skill level 1 in Short Blades
  2285 | D:3      | Reached skill level 1 in Long Blades
  2285 | D:3      | Reached skill level 1 in Axes
  2285 | D:3      | Reached skill level 1 in Maces & Flails
  2285 | D:3      | Reached skill level 1 in Polearms
  2285 | D:3      | Reached skill level 1 in Staves
  2285 | D:3      | Reached skill level 1 in Slings
  2285 | D:3      | Reached skill level 1 in Bows
  2285 | D:3      | Reached skill level 1 in Crossbows
  2285 | D:3      | Reached skill level 1 in Throwing
  2285 | D:3      | Reached skill level 1 in Armour
  2285 | D:3      | Reached skill level 1 in Shields
  2285 | D:3      | Reached skill level 1 in Unarmed Combat
  2285 | D:3      | Reached skill level 1 in Evocations
  2330 | D:3      | Reached XP level 4. HP: 32/32 MP: 11/11
  2705 | D:3      | Killed from afar by an orc wizard

Vault maps used:
D:1:      lemuel_arrival_broad_hall
D:2:      fedhas_altar_1, first_ration, corexii_corridor_pit
D:3:      kennysheep_slugbush, tso_metal_star, trog_wizard

Skill      XL: |  1  2  3 |
---------------+----------+-----
Spellcasting   | 5 |  5.1
Invocations    | 1 |  1.2
Fighting       | 1 |  1.1
Short Blades   | 1 |  1.1
Long Blades    | 1 |  1.1
Axes           | 1 |  1.1
Maces & Flails | 1 |  1.1
Polearms       | 1 |  1.1
Staves         | 1 |  1.1
Slings         | 1 |  1.1
Bows           | 1 |  1.1
Crossbows      | 1 |  1.1
Throwing       | 1 |  1.1
Armour         | 1 |  1.1
Shields        | 1 |  1.1
Unarmed Combat | 1 |  1.1
Evocations     | 1 |  1.1
Dodging        | |  4.6
Stealth        | |  4.2
Conjurations   | |  0.9
Hexes          | |  0.9
Charms         | |  0.9
Summonings     | |  7.1
Necromancy     | |  0.9
Translocations | |  0.9
Transmutations | |  0.9
Fire Magic     | |  0.9
Ice Magic      | |  0.9
Air Magic      | |  0.9
Earth Magic    | |  0.9
Poison Magic   | |  0.9

Action                   |  1- 3 |  4- 6 || total
-------------------------+-------+-------++-------
Melee: Dagger            |   120 |       ||   120
       Bite              |     9 |     9 ||    18
       Unarmed           |     2 |       ||     2
       Short sword       |     5 |    46 ||    51
 Cast: Summon Small Mamm |     7 |       ||     7
       Call Imp          |     5 |     2 ||     7
 Stab: Sleeping          |     9 |     1 ||    10
       Distracted        |     1 |       ||     1
  Eat: Chunk             |     3 |     3 ||     6
Armor: Robe              |    20 |     4 ||    24
Dodge: Dodged            |    89 |    37 ||   126
       Deflected         |       |     4 ||     4

Table legend:
 A = Non-vault XP
 B = Vault XP
 C = Vault XP percentage of total XP
 D = Non-vault monster count
 E = Vault monster count
 F = Vault count percentage of total count
                 A         B        C        D         E       F
            +---------+---------+-------+---------+---------+-------
      Total |     102 |      27 |  20.9 |      53 |       8 |  13.1
            +---------+---------+-------+---------+---------+-------
        D:1 |      33 |       0 |   0.0 |      25 |       0 |   0.0
        D:2 |      35 |       0 |   0.0 |      18 |       0 |   0.0
        D:3 |      34 |      27 |  44.3 |      10 |       8 |  44.4
            +---------+---------+-------+---------+---------+-------
